 Dungeon Crawl Stone Soup version bcrawl-1.14 (webtiles) character file.

Game seed: 3475113386907661372

24398 MisterOstroum the Thaumaturge (level 12, -12/66 HPs)
             Began as a Spriggan Rogue on Sept 8, 2019.
             Was a Believer of Lugonu.
             Mangled by a skeletal warrior
             ... wielding a +0 dire flail
              (18 damage)
             ... while paralysed by the fury of Uskayaw
             ... on level 11 of the Dungeon on Sept 10, 2019.
             The game lasted 03:12:32 (26813 turns).

MisterOstroum the Thaumaturge (Spriggan Rogue)     Turns: 26813, Time: 03:12:33

Health: -12/66     AC:  6    Str:  9    XL:     12   Next: 80%
Magic:  23/27      EV:  4    Int: 15    God:    Lugonu [**....]
Gold:   571        SH:  0    Dex: 20    Spells: 16/32 levels left

rFire    . . .     SeeInvis +   b - +0 hunting sling
rCold    . . .     Gourm    .   (shield restricted)
rNeg     + . .     Faith    .   o - +1 robe
rPois    .         Spirit   .   (helmet restricted)
rElec    .         Reflect  .   U - +2 cloak
rCorr    .         Harm     .   (gloves unavailable)
MR       ++...                  (boots unavailable)
Stlth    +++++.....             (no amulet)
HPRegen  0.21/turn              F - ring of positive energy
MPRegen  0.20/turn              T - +2 ring of strength

@: paralysed, very quick
A: very small, unfitting armour, see invisible, herbivore, speed 3, slow
metabolism 2
a: Depart the Abyss, Bend Space, Renounce Religion


You were on level 11 of the Dungeon.
You worshipped Lugonu.
Lugonu was pleased with you.
You were not hungry.

You visited 3 branches of the dungeon, and saw 16 of its levels.
You also visited: Ice Cave.

You collected 1111 gold pieces.
You spent 540 gold pieces at shops.

Inventory:

Hand Weapons
 a - a +3 dagger of distortion
 b - a +0 hunting sling (weapon)
 c - a +0 blowgun
 J - a +0 quick blade of freezing
 S - a +6 short sword of freezing
Missiles
 j - 3111 stones
 s - 521 sling bullets (quivered)
 v - 1001 poisoned needles
 A - 4 throwing nets {!f!f}
 O - 61 tomahawks
 P - 92 needles of confusion
Armour
 o - a +1 robe (worn)
 U - a +2 cloak (worn)
 Z - +0 acid dragon scales
Jewellery
 F - a ring of positive energy (left hand)
 H - an uncursed ring of protection from cold
 T - a +2 ring of strength (right hand)
Wands
 f - a wand of polymorph (13)
 g - a wand of enslavement (10)
 p - a wand of digging (7)
 w - a wand of acid (7)
 K - a wand of paralysis (8)
 L - a wand of disintegration (31)
 X - a wand of iceblast (12)
 Y - a wand of flame (5)
Scrolls
 d - a scroll of vulnerability
 i - 3 scrolls of amnesia
 n - a scroll of magic mapping {@r5 !r}
 q - a scroll of fear {!r}
 t - 4 scrolls of blinking {@r4}
 u - 4 scrolls of remove curse {@r2}
 x - 4 scrolls of teleportation {@r3 !r}
 z - a scroll of immolation
 D - 3 scrolls of fog {!r}
 E - 3 scrolls of enchant armour
 I - a scroll of summoning
 V - a scroll of identify {@r1}
 W - 2 scrolls of enchant weapon
Potions
 k - 2 potions of invisibility
 l - 6 potions of heal wounds {@q2 !q}
 m - a potion of haste {@q4 !q}
 r - 6 potions of curing {@q1 !q}
 B - 2 potions of brilliance
 C - 2 potions of cancellation
 G - 2 potions of agility {@q5 !q}
 M - 4 potions of flight
 N - a potion of might {@q3 !q}
 R - a potion of lignification {@q6}
Miscellaneous
 Q - a lamp of fire
Comestibles
 e - 27 rations {!d}


   Skills:
 - Level 9.2 Fighting
 - Level 8.0 Short Blades
 - Level 7.6(7.7) Slings
 - Level 1.2(4.1) Throwing
 * Level 9.2 Dodging
 - Level 10.4 Stealth
 - Level 10.6 Spellcasting
 - Level 10.0 Hexes
 - Level 3.1 Ice Magic
 + Level 1.8 Invocations
 - Level 9.0 Evocations


You had 16 spell levels left.
You knew the following spells:

 Your Spells              Type           Power        Failure   Level  Hunger
a - Corona                Hex            #####..      1%          1    None
b - Ensorcelled Hibernat  Hex/Ice        ####..       1%          2    None
c - Confuse               Hex            #####...     1%          3    None
d - Yara's Violent Unrav  Hex/Tmut       ###.......   12%         4    ###....
e - Tukima's Dance        Hex            #####...     1%          3    None
f - Dazzling Spray        Conj/Hex       ###...       3%          3    None

Your spell library contained the following spells:

 Spells                   Type           Power        Failure   Level  Hunger
 Animate Skeleton         Necr           N/A          10%         1    None
 Pain                     Necr           #...         10%         1    None
 Metabolic Englaciation   Hex/Ice        ####......   17%         5    #####..
 Regeneration             Chrm/Necr      #.........   28%         3    None
 Vampiric Draining        Necr           #.........   28%         3    None
 Animate Dead             Necr           N/A          67%         4    ###....
 Petrify                  Tmut/Erth      #.......     67%         4    ###....
 Bolt of Draining         Conj/Necr      #.........   95%         5    #####..
 Mana Rupture             Conj/Hex       ###.......   100%        7    #######


Dungeon Overview and Level Annotations

Branches:
Dungeon (11/12)            Temple (1/1) D:4            Lair (4/6) D:8
 Shoals (0/3) Lair:3          Orc (0/1) D:8
  Snake: Lair:2-4    Spider: Lair:2-4    Vaults: D:11-12

Altars:
Ashenzari
Cheibriados
Dithmenos
Elyvilon
Fedhas
Gozag
Hepliaklqana
Kikubaaqudgha
Lugonu
Makhleb
Nemelex Xobeh
Okawaru
Qazlal
Ru
Sif Muna
Trog
Uskayaw
Vehumet
Wu Jian
Xom
Yredelemnul
Zin
The Shining One

Shops:
D:4 (   D:5 }   D:8 (   D:9 (   D:10 (

Annotations:
Lair:1 1 runed translucent door, Utulode's ghost, novice DgEE
Lair:3 exclusions: oklob plant and 1 more exclusion


Innate Abilities, Weirdness & Mutations

You are very small and have problems with some larger weapons.
You are too small for most types of armour.
You have supernaturally acute eyesight. (SInv)
You are a herbivore.
You cover ground extremely quickly.
You need to consume almost no food.


Message History

You kill the kobold!
Lugonu accepts your kill.
Evoke which item? (* to show all) (? for menu, Esc to quit)
Aiming: Throw Flame
Press: ? - help, Shift-Dir - straight line, f - hippogriff, p - skeletal warrior
Aim: a hippogriff (heavily wounded, poisoned)
The puff of flame hits the skeletal warrior.
The skeletal warrior appears unharmed.
Evoke which item? (* to show all) (? for menu, Esc to quit)
Aiming: Throw Flame
Press: ? - help, Shift-Dir - straight line, f - big kobold
Aim: a big kobold The puff of flame hits the skeletal warrior.
The skeletal warrior is lightly damaged.
Press: ? - help, v - describe, . - travel
Here: a skeletal warrior, wielding a +0 dire flail (lightly damaged)
The floor.
Wield which item (- for none, * to show all)? (? for menu, Esc to quit)
Your +6 short sword of freezing stops glowing.
b - a +0 hunting sling (weapon)
Unknown command.
Firing (i - inventory. (/) - cycle)
s - 529 sling bullets (quivered)
Press: ? - help, Shift-Dir - straight line, f/p - big kobold
Aim: a big kobold You shoot a sling bullet.
The sling bullet hits the skeletal warrior but does no damage.
The skeletal warrior is lightly damaged.
Firing (i - inventory. (/) - cycle)
s - 528 sling bullets (quivered)
Press: ? - help, Shift-Dir - straight line, f/p - skeletal warrior
Aim: a skeletal warrior, wielding a +0 dire flail (lightly damaged)
You shoot a sling bullet.
The sling bullet hits the skeletal warrior but does no damage.
The skeletal warrior is lightly damaged.
The big kobold throws a stone.
The stone hits you but does no damage.
Casting: Dazzling Spray (safe; 3% risk of failure)
Confirm with . or Enter, or press ? or * to list all spells.
Aiming: Corona (safe; 1% risk of failure)
Press: ? - help, Shift-Dir - straight line, f/p - skeletal warrior
Aim: a skeletal warrior, wielding a +0 dire flail (lightly damaged, chance to defeat MR: 13%)
The skeletal warrior is outlined in light.
Evoke which item? (* to show all) (? for menu, Esc to quit)
Aiming: Throw Flame
Press: ? - help, Shift-Dir - straight line, f/p - skeletal warrior
Aim: a skeletal warrior, wielding a +0 dire flail (lightly damaged, softly glowing)
The puff of flame hits the skeletal warrior.
The skeletal warrior is lightly damaged.
The big kobold throws a stone.
The stone hits you but does no damage.
Firing (i - inventory. (/) - cycle)
s - 527 sling bullets (quivered)
Press: ? - help, Shift-Dir - straight line, f - hippogriff, p - skeletal warrior
Aim: a hippogriff (almost dead, poisoned)
You shoot a sling bullet.
The sling bullet hits the skeletal warrior but does no damage.
The skeletal warrior is lightly damaged.
The hippogriff looks more healthy.
Firing (i - inventory. (/) - cycle)
s - 526 sling bullets (quivered)
Press: ? - help, Shift-Dir - straight line, f/p - hippogriff
Aim: a hippogriff (almost dead)
You shoot a sling bullet.
The sling bullet hits the hippogriff but does no damage.
The hippogriff is almost dead.
The skeletal warrior stops glowing.
Firing (i - inventory. (/) - cycle)
s - 525 sling bullets (quivered)
Press: ? - help, Shift-Dir - straight line, f/p - hippogriff
Aim: a hippogriff (almost dead)
You shoot a sling bullet.
The sling bullet hits the skeletal warrior but does no damage.
The skeletal warrior is lightly damaged.
Firing (i - inventory. (/) - cycle)
s - 524 sling bullets (quivered)
Press: ? - help, Shift-Dir - straight line, f/p - hippogriff
Aim: a hippogriff (severely wounded)
You shoot a sling bullet.
The sling bullet closely misses the hippogriff.
Firing (i - inventory. (/) - cycle)
s - 523 sling bullets (quivered)
Press: ? - help, Shift-Dir - straight line, f/p - hippogriff
Aim: a hippogriff (severely wounded)
You shoot a sling bullet.
The sling bullet closely misses the hippogriff.
Firing (i - inventory. (/) - cycle)
s - 522 sling bullets (quivered)
Press: ? - help, Shift-Dir - straight line, f/p - hippogriff
Aim: a hippogriff (severely wounded)
You shoot a sling bullet. The sling bullet hits the hippogriff.
The hippogriff is almost dead.
Uskayaw booms out, "Time for someone else to take a solo" You suddenly lose the ability to move!
The skeletal warrior hits you with a +0 dire flail! x2
The hippogriff completely misses you. The hippogriff barely misses you.
The hippogriff claws you.
The skeletal warrior hits you with a +0 dire flail.
* * * LOW HITPOINT WARNING * * *
The hippogriff barely misses you. The hippogriff pecks you.
* * * LOW HITPOINT WARNING * * *
The hippogriff claws you.
* * * LOW HITPOINT WARNING * * *
The skeletal warrior hits you but does no damage.
The hippogriff bites you.
* * * LOW HITPOINT WARNING * * *
The hippogriff pecks you but does no damage.
The hippogriff claws you but does no damage.
The skeletal warrior hits you with a +0 dire flail!!
You die...

.................#
........########.##
........#......#..#
........#......#.##
........#......#.#
........#......#.#
........#+####'#.#
.................#
######.........z@#
.....####.....K.H#
........#.....H###
........#......#
........#......#
..).....#......#
####+####K.....#
...K.....K.....#
..H............#


You could see a skeletal warrior, 2 hippogriffs, a big kobold and 2 kobolds.

Vanquished Creatures
  A hydra (D:10)
  Psyche (D:9)
  A centaur warrior (D:11)
  4 two-headed ogres
  A sun demon (D:5)
  An unseen horror (D:11)
  2 orc knights (D:9)
  2 ugly things (D:10)
  3 black mambas (Lair:4)
  A centaur zombie (D:11)
  Maurice (D:9)
  5 cane toads
  A komodo dragon (D:8)
  A queen bee (Lair:3)
  A polar bear (Lair:2)
  2 trolls
  5 blink frogs
  A meliai zombie (D:10)
  3 dream sheep (Lair:4)
  3 slime creatures (D:9)
  4 hippogriffs
  A shadow (D:11)
  3 wyverns (Lair:4)
  A basilisk (Lair:3)
  2 humans (D:7)
  2 yaks
  A hungry ghost (D:10)
  13 wargs
  Menkaure (D:6)
  A soldier ant (D:11)
  An acid dragon (D:11)
  A water moccasin (Lair:2)
  4 porcupines
  8 orc warriors
  2 black bears
  7 ogres
  An ice beast (Lair:2)
  A centaur (D:5)
  A phantom (D:10)
  3 boggarts (D:11)
  2 bullfrogs
  5 crocodiles
  2 wyvern zombies
  4 scorpions
  29 killer bees
  4 wights
  A howler monkey (D:5)
  3 crimson imps
  3 bullfrog zombies
  A jelly (D:11)
  4 hounds
  12 orc wizards
  10 orc priests
  5 centaur skeletons
  An iguana (D:5)
  3 worker ants
  3 killer bee zombies
  A hound zombie (D:9)
  2 hound skeletons
  3 howler monkey zombies
  6 adders
  3 gnolls
  3 shadow imps
  3 oozes
  3 adder zombies
  3 adder skeletons
  9 worms
  2 dart slugs
  10 leopard geckos
  61 orcs
  5 bats
  3 giant cockroaches
  7 goblins
  6 hobgoblins
  5 jackals
  12 kobolds
  4 quokkas
  4 ball pythons
  5 frilled lizards
  A jackal skeleton (D:5)
  2 jackal zombies
  A quokka skeleton (D:4)
  2 quokka zombies (D:5)
  4 rats
360 creatures vanquished.

Vanquished Creatures (collateral kills)
  2 ogres
  A killer bee (Lair:3)
  A wight (D:9)
  2 orc wizards (D:4)
  An orc (D:9)
7 creatures vanquished.

Vanquished Creatures (others)
  5 dream sheep (D:8)
  7 dancing weapons
  An orc (D:5)
  5 fungi
  8 plants
26 creatures vanquished.

Grand Total: 393 creatures vanquished

Notes
Turn   | Place    | Note
-------+----------+-------------------------------------------
     0 | D:1      | MisterOstroum the Spriggan Rogue began the quest for the
                  | Orb.
     0 | D:1      | Reached XP level 1. HP: 10/10 MP: 3/3
   118 | D:1      | Reached XP level 2. HP: 14/14 MP: 5/5
   833 | D:2      | Reached XP level 3. HP: 18/18 MP: 6/6
  1208 | D:2      | Found a stormy altar of Qazlal.
  1816 | D:2      | Found an ancient bone altar of Kikubaaqudgha.
  2040 | D:2      | Reached XP level 4. HP: 20/23 MP: 7/7
  2058 | D:2      | Reached skill level 1 in Throwing
  2453 | D:2      | Reached skill level 1 in Dodging
  2923 | D:3      | Reached skill level 1 in Slings
  3371 | D:3      | Reached XP level 5. HP: 18/26 MP: 8/8
  4334 | D:3      | Learned a level 3 spell: Confuse
  4347 | D:3      | Noticed an ogre
  4368 | D:3      | Reached XP level 6. HP: 30/31 MP: 9/9
  4424 | D:3      | Reached skill level 1 in Hexes
  4665 | D:3      | Found a glowing golden altar of the Shining One.
  5047 | D:4      | Found a shimmering blue altar of Sif Muna.
  5412 | D:4      | Reached skill level 5 in Slings
  5434 | D:4      | Found Touc's Weapon Emporium.
  5438 | D:4      | Bought 2 throwing nets for 7 gold pieces
  5449 | D:4      | Reached XP level 7. HP: 36/36 MP: 10/10
  5885 | D:4      | Found a staircase to the Ecumenical Temple.
  5895 | Temple   | Entered the Ecumenical Temple
  5980 | Temple   | Became a worshipper of Uskayaw the Reveler
  5997 | D:4      | Reached * piety under Uskayaw
  6312 | D:4      | Reached ** piety under Uskayaw
  6318 | D:4      | Reached skill level 5 in Dodging
  6318 | D:4      | Reached *** piety under Uskayaw
  7015 | D:5      | Entered Level 5 of the Dungeon
  7199 | D:5      | Found Zeanusir's Gadget Boutique.
  7209 | D:4      | Reached skill level 1 in Spellcasting
  7969 | D:4      | Reached XP level 8. HP: 20/40 MP: 12/12
  9397 | D:4      | Found a shimmering blue altar of Sif Muna.
  9447 | D:5      | Reached skill level 5 in Evocations
 10047 | D:5      | Bought a wand of polymorph (10) for 66 gold pieces
 10194 | D:5      | Reached skill level 5 in Spellcasting
 11391 | D:6      | Reached XP level 9. HP: 44/44 MP: 22/22
 11507 | D:6      | Noticed Menkaure
 11767 | D:6      | Killed Menkaure
 12551 | D:7      | Found an iron altar of Okawaru.
 12558 | D:7      | Reached skill level 5 in Hexes
 12912 | D:7      | Noticed a troll
 13142 | D:7      | Found a sparkling altar of Nemelex Xobeh.
 13385 | D:5      | Noticed Grinder
 13389 | D:5      | Noticed Grinder
 13389 | D:5      | Grinder changed into Grinder the sun demon
 13450 | D:8      | Found Punet's Weapon Shop.
 13452 | D:8      | Found a staircase to the Orcish Mines.
 13710 | D:8      | Noticed a two-headed ogre
 13728 | D:8      | Found a basalt altar of Yredelemnul.
 13905 | D:8      | Reached skill level 5 in Fighting
 13953 | D:8      | Found an ornate altar of the Wu Jian Council.
 14106 | D:8      | Found a burning altar of Makhleb.
 14106 | D:8      | Noticed a cacodemon
 14142 | D:8      | Noticed a komodo dragon
 14202 | D:8      | Bought a +0 quick blade for 225 gold pieces
 14264 | D:8      | Killed a komodo dragon
 14277 | D:8      | Found a staircase to the Lair.
 14325 | D:8      | Found a glowing silver altar of Zin.
 14326 | D:8      | Noticed an angel
 14373 | D:8      | Found a shimmering altar of Xom.
 14579 | D:8      | Killed a two-headed ogre
 14579 | D:8      | Reached XP level 10. HP: 51/51 MP: 12/24
 14732 | D:9      | Noticed Psyche
 14763 | D:9      | Found a shadowy altar of Dithmenos.
 15109 | D:9      | Found an opulent altar of Gozag.
 15309 | D:8      | Learned a level 3 spell: Dazzling Spray
 15314 | D:8      | Learned a level 4 spell: Yara's Violent Unravelling
 15317 | Lair:1   | Entered Level 1 of the Lair of Beasts
 15453 | Lair:1   | Reached skill level 5 in Short Blades
 15566 | D:5      | Bought a wand of acid (7) for 242 gold pieces
 15861 | Lair:1   | Found a runed translucent door.
 15861 | Lair:1   | Noticed Utulode's ghost (novice DgEE)
 16277 | Lair:2   | Found a frozen archway.
 16286 | Lair:2   | Reached skill level 10 in Spellcasting
 16326 | IceCv    | Entered an ice cave
 16326 | IceCv    | Noticed a white ugly thing
 16449 | Lair:2   | Found a dark tunnel.
 16513 | Lair:2   | Noticed a cane toad
 16537 | Lair:2   | Killed a cane toad
 17225 | Lair:3   | Learned a level 1 spell: Corona
 17229 | Lair:3   | Learned a level 3 spell: Tukima's Dance
 17232 | Lair:3   | Learned a level 2 spell: Ensorcelled Hibernation
 17239 | Lair:3   | Noticed a cane toad
 17247 | Lair:3   | Killed a cane toad
 17291 | Lair:3   | Noticed a cane toad
 17318 | Lair:3   | Killed a cane toad
 17318 | Lair:3   | Reached skill level 1 in Ice Magic
 17568 | Lair:3   | Noticed a cane toad
 17571 | Lair:3   | Killed a cane toad
 18134 | Lair:3   | Found a staircase to the Shoals.
 18268 | Lair:3   | Reached XP level 11. HP: 49/55 MP: 18/26
 18646 | Lair:3   | Found a blossoming altar of Fedhas.
 18656 | Lair:3   | Noticed an oklob plant
 20446 | Lair:4   | Noticed a death yak
 20448 | Lair:4   | Noticed a death yak
 20450 | Lair:4   | Reached skill level 10 in Hexes
 20450 | Lair:4   | Noticed a death yak
 20937 | D:5      | Killed Grinder the sun demon
 21296 | D:9      | Noticed a two-headed ogre
 21340 | D:9      | Noticed a two-headed ogre
 21389 | D:9      | Killed a two-headed ogre
 21466 | D:9      | Killed a two-headed ogre
 21761 | D:8      | Reached skill level 10 in Stealth
 22445 | D:9      | Killed Psyche
 22445 | D:9      | Reached XP level 12. HP: 61/63 MP: 21/27
 22543 | D:9      | Noticed an ogre mage
 22578 | D:9      | Noticed a two-headed ogre
 22613 | D:9      | Noticed Maurice
 23142 | D:9      | Killed Maurice
 23244 | D:9      | Found Carumpe's Weapon Emporium.
 23417 | Temple   | Fell from the grace of Uskayaw
 23417 | Temple   | Became a worshipper of Lugonu the Unformed
 23417 | Temple   | Reached * piety under Lugonu
 23737 | D:9      | Found a hazy altar of Hepliaklqana.
 24057 | D:9      | Reached ** piety under Lugonu
 24934 | D:10     | Entered Level 10 of the Dungeon
 24952 | D:10     | Noticed an eight-headed hydra
 25008 | D:10     | Killed an eight-headed hydra
 25163 | D:10     | Paralysed by the fury of Uskayaw for 2 turns
 25316 | D:10     | Noticed a two-headed ogre
 25363 | D:10     | Killed a two-headed ogre
 25913 | D:10     | Found Duli Feusap's Antique Weapon Shop.
 26106 | D:11     | Noticed a centaur warrior
 26503 | D:11     | Killed a centaur warrior
 26503 | D:11     | Reached skill level 1 in Invocations
 26807 | D:11     | Paralysed by the fury of Uskayaw for 7 turns
 26813 | D:11     | Mangled by a skeletal warrior

Skill      XL: |  1  2  3  4  5  6  7  8  9 10 11 12 |
---------------+-------------------------------------+-----
Stealth        | 7 8 10 | 10.4
Short Blades   | 3 4 8 |  8.0
Evocations     | 3 5 6 9 |  9.0
Fighting       | 2 3 5 7 9 |  9.2
Throwing       | 1 |  1.2
Dodging        | 1 3 5 6 8 9 |  9.2
Slings         | 3 4 5 6 7 |  7.6
Hexes          | 1 2 3 7 8 10 | 10.0
Spellcasting   | 2 8 9 10 | 10.6
Ice Magic      | 3 |  3.1
Invocations    | 1 |  1.8

Action                   |  1- 3 |  4- 6 |  7- 9 | 10-12 || total
-------------------------+-------+-------+-------+-------++-------
Melee: Dagger            |    92 |    96 |    90 |   283 ||   561
       Rapier            |       |     5 |   253 |    24 ||   282
       Trident           |       |       |    36 |       ||    36
       Quick blade       |       |       |       |    66 ||    66
       Short sword       |       |       |       |    61 ||    61
 Fire: Blowgun           |    48 |    30 |    19 |    53 ||   150
       Hunting sling     |       |   287 |   205 |   185 ||   677
Throw: Stone             |    47 |    12 |    14 |    19 ||    92
 Cast: Confuse           |       |       |    15 |   123 ||   138
       Ensorcelled Hiber |       |       |       |   122 ||   122
       Corona            |       |       |       |    15 ||    15
       Dazzling Spray    |       |       |       |    14 ||    14
       Tukima's Dance    |       |       |       |    28 ||    28
       Yara's Violent Un |       |       |       |     2 ||     2
Invok: Line Pass         |       |       |     9 |     1 ||    10
       Stomp             |       |       |     7 |     2 ||     9
Evoke: Wand              |       |     7 |    30 |    20 ||    57
  Use: Scroll            |       |       |    15 |    14 ||    29
       Potion            |       |       |       |     1 ||     1
 Stab: Sleeping          |     9 |     1 |    13 |    69 ||    92
       Paralysed         |       |       |     4 |     1 ||     5
       Distracted        |       |       |     1 |     2 ||     3
       Petrified         |       |       |     1 |       ||     1
       Confused          |       |       |     8 |    33 ||    41
       Invisible         |       |       |       |     3 ||     3
  Eat: Ration            |       |     1 |     4 |     4 ||     9
Armor: Robe              |    16 |    30 |    27 |    33 ||   106
Dodge: Dodged            |    57 |   154 |   395 |   358 ||   964
